 Dungeon Crawl Stone Soup version 0.30-a0-1163-gf69bf04e7a (webtiles) character file.

Game seed: 13625768135481924247

76 vineage the Covered (level 4, -5/29 HPs)
             Began as a Gargoyle Fighter on Apr 28, 2023.
             Slain by Crazy Yiuf
             ... wielding a +4 quarterstaff of chaos
              (16 damage)
             ... on level 2 of the Dungeon.
             The game lasted 00:01:56 (1619 turns).

vineage the Covered (Gargoyle Fighter)              Turns: 1619, Time: 00:01:57

Health: -5/29      AC: 15    Str: 20    XL:     4   Next: 32%
Magic:  1/4        EV:  9    Int:  8    God:
Gold:   95         SH:  9    Dex: 11    Spells: 3/3 levels left

rFire   . . .        a - +0 flail
rCold   . . .        c - +0 buckler
rNeg    + + .        b - +0 scale mail
rPois   ∞            t - +0 helmet
rElec   +            (no cloak)
rCorr   .            f - +2 pair of gloves
SInv    +            (no boots)
Will    .....        i - amulet of reflection Stlth
                     l - ring of positive energy
HPRegen 0.24/turn    o - ring of see invisible
MPRegen 0.09/turn

%: reflection
@: no status effects
A: sickness immunity, AC +3, negative energy resistance 1, electricity
resistance, torment resistance 1, petrification resistance
a: no special abilities


You were on level 2 of the Dungeon.
You visited 1 branch of the dungeon, and saw 2 of its levels.

You collected 95 gold pieces.

Inventory:

Hand Weapons
 a - a +0 flail (weapon)
Armour
 b - a +0 scale mail (worn)
 c - a +0 buckler (worn)
 f - a +2 pair of gloves (worn)
 t - a +0 helmet (worn)
Jewellery
 i - an amulet of reflection (around neck)
 l - a ring of positive energy (left hand)
 o - a ring of see invisible (right hand)
Scrolls
 k - a scroll of enchant armour {unknown}
 m - 2 scrolls of enchant weapon {unknown}
 p - a scroll of magic mapping {unknown}
 q - 2 scrolls of identify {unknown}
 r - a scroll of blinking
 s - 2 scrolls of noise {unknown}
Potions
 d - 2 potions of might
 e - 2 potions of invisibility {unknown}
 g - a potion of resistance {unknown}
 h - a potion of mutation {unknown}
 j - a potion of magic {unknown}
 n - a potion of berserk rage {unknown}


   Skills:
 + Level 3.9 Fighting
 + Level 2.7 Maces & Flails
 + Level 4.0 Armour
 + Level 3.9 Shields


You had 3 spell levels left.
You didn't know any spells.
Your spell library was empty.

Dungeon Overview and Level Annotations

Branches:
Dungeon (2/15)

Altars:
Cheibriados

Shops:
D:2 [

Annotations:
D:2 Crazy Yiuf


Innate Abilities, Weirdness & Mutations

You are immune to sickness and miasma.
Your stone body is resilient. (AC +3)
You are immune to poison.
You resist negative energy. (rN+)
You are resistant to electric shocks. (rElec)
You are resistant to unholy torment.
You are immune to petrification.


Message History

No target in view!
Partly explored, can't reach some places.
Partly explored, can't reach some places.
Partly explored, can't reach some places.
No target in view!
You hit the fungus.
The fungus begins to die.
The fungus is lightly damaged.
You thump the fungus!
The fungus is lightly damaged.
You hit the fungus.
The fungus is lightly damaged.
A nearby fungus withers and dies.
You hit the fungus.
The fungus begins to die.
The fungus is lightly damaged.
You sock the fungus!
The fungus is lightly damaged.
You sock the fungus!
The fungus is lightly damaged.
A nearby fungus withers and dies.
Found a hammer.
Found a runed translucent door.
As you open the door, it creaks loudly!
You hit Crazy Yiuf.
Crazy Yiuf is lightly wounded.
Crazy Yiuf hits you with a +4 quarterstaff of chaos.
Crazy Yiuf burns you.
Crazy Yiuf hits you with a +4 quarterstaff of chaos.
You feel your power leaking away.
You hit Crazy Yiuf.
Crazy Yiuf is moderately wounded.
Crazy Yiuf closely misses you.
You thump Crazy Yiuf!
Crazy Yiuf is severely wounded.
Crazy Yiuf hits you with a +4 quarterstaff of chaos!
You hit Crazy Yiuf.
Crazy Yiuf is severely wounded.
Crazy Yiuf hits you with a +4 quarterstaff of chaos.
Crazy Yiuf burns you. Crazy Yiuf hits you but does no damage.
Space warps horribly around you!
Ouch! That really hurt!
You die...

................'..).>......#####
..........###...#####.#.........#
..........# #...# #.#.#######.#
.........## ##### ##### #.#
##.####### #.# ...# ######.# ####
### ♣♣###......# #)..#♣♣
♣♣.)...###### #...g@♣♣♣♣.P.....#
#...#♣..♣.P♣...#.# ###
♣♣♣.♣.P)..#.# ♣♣♣♣♣##.#.# #.#)#
### ######## ### #.#.#
..#######......# #.# #.#.#
#.....∩##......# #.###.#.#
#.....(........# #.....#.#


You could see Crazy Yiuf.

Vanquished Creatures
  3 adders (D:2)
  A worm (D:2)
  6 endoplasms
  2 giant cockroaches (D:2)
  10 goblins
  3 quokkas
  5 ball pythons
  A bat (D:1)
  3 frilled lizards
  6 kobolds
  6 rats
46 creatures vanquished.

Vanquished Creatures (others)
  2 fungi (D:2)
2 creatures vanquished.

Grand Total: 48 creatures vanquished

Notes
Turn   | Place    | Note
-------+----------+-------------------------------------------
     0 | D:1      | vineage the Gargoyle Fighter began the quest for the Orb.
     0 | D:1      | Reached XP level 1. HP: 14/14 MP: 1/1
   116 | D:1      | Reached XP level 2. HP: 18/19 MP: 2/2
   335 | D:1      | Reached XP level 3. HP: 20/23 MP: 3/3
   867 | D:2      | Found Ukhiys's Armour Boutique.
  1195 | D:2      | Reached XP level 4. HP: 29/29 MP: 4/4
  1260 | D:2      | Reached skill level 4 in Armour
  1406 | D:2      | Found a snail-covered altar of Cheibriados.
  1611 | D:2      | Found a runed translucent door.
  1612 | D:2      | Noticed Crazy Yiuf
  1619 | D:2      | Slain by Crazy Yiuf

Illustrated notes

Levels and vault maps discovered:
D:1:      evilmike_arrival_hilbert_curve, layout_basic, minmay_tromino_v4_a
D:2:      layout_basic, basic_altar, serial_shops, shop, uniq_crazy_yiuf_cottage

Skill      XL: |  1  2  3  4 |
---------------+-------------+-----
Armour         | 4 |  4.0
Fighting       | |  3.9
Maces & Flails | |  2.7
Shields        | |  3.9

Action                     |  1- 3 |  4- 6 || total
---------------------------+-------+-------++-------
  Melee: Flail             |   117 |    18 ||   135
    Use: Scroll            |     3 |       ||     3
 Armour: Scale mail        |    64 |     4 ||    68
  Dodge: Dodged            |    42 |     2 ||    44
  Block: Buckler           |    47 |     4 ||    51

Table legend: (Time is in decaauts)
 A = Elapsed time spent in this place.
 B = Non-inter-level travel time spent in this place.
 C = Inter-level travel time spent in this place.
 D = Time resting spent in this place.
 E = Time spent auto-exploring this place.
 F = Levels seen in this place.
 G = Mean time per level.
                   A        B        C        D        E       F      G
               +--------+--------+--------+--------+--------+-----+--------+
         Total |   1660 |   1617 |     43 |      0 |   1281 |   2 |  830.0 |
       Dungeon |   1660 |   1617 |     43 |      0 |   1281 |   2 |  830.0 |
               +--------+--------+--------+--------+--------+-----+--------+

Top non-repeatable levels by time:
     D:2: 894 daAuts
     D:1: 765 daAuts
